AoeStats
← 雫畑躾

Arabia

510332523Analyzed
1v1 RM · 1d ago on Sep 30, 2026· 29m 17s· 2 players
Game mode
Random Map
Map size
Tiny (2 player)
Population
200
Speed
Normal
Resources
Standard
Victory
Conquest
Starting age
Dark Age
Ending age
Imperial Age
RankedLock teamsTeams togetherTeam positionsShared explorationLock speedFull tech treeHidden civsTurbo modeCheats
Victory
Defeat
🇦🇺 Magyars · Australia
1239
+15
🇹🇼 Byzantines · Taiwan
1207
-15
雫畑躾
7:00 Loom
9:25 Feudal Age
10:24 Double-Bit Axe
10:45 Horse Collar
19:07 Castle Age
20:11 Bow Saw
23:25 Gold Mining
25:17 Crossbowman
26:15 Fletching
28:04 Bodkin Arrow
29:58 Ballistics
Civ_Picker
6:45 Loom
9:57 Feudal Age
10:41 Double-Bit Axe
11:47 Horse Collar
20:27 Castle Age
19:05 Fletching
19:16 Padded Archer Armor
20:10 Bloodlines
20:32 Gold Mining
23:07 Bodkin Arrow
25:25 Wheelbarrow
26:00 Ballistics
29:44 Hand Cart
Connection lost

Rejoining the realm…

Still unreachable

The connection could not be restored.

Session expired

The server has moved on; the page needs a fresh start.